 Dungeon Crawl Stone Soup version 0.30-b1-2-g02819fbbbe (webtiles) character file.

Game seed: 14054451407269059602

50155 Dirian the Severer (level 14, 0/136 HPs)
             Began as a Minotaur Berserker on May 16, 2023.
             Was a High Priest of Trog.
             Slain by a spark wasp zombie (13 damage)
             ... on level 15 of the Dungeon.
             The game lasted 00:18:34 (15087 turns).

Dirian the Severer (Minotaur Berserker)            Turns: 15087, Time: 00:18:35

Health: 0/136      AC: 20    Str: 41    XL:     14   Next: 18%
Magic:  13/13      EV: 10    Int:  3    God:    Trog [*****.]
Gold:   922        SH:  0    Dex:  8    Spells: 13/13 levels left

rFire   . . .        a - +4 executioner's axe (vamp)
rCold   . . .        (shield currently unavailable)
rNeg    . . .        H - +0 chain mail of Tomorrow {Fly rPois Str+3}
rPois   +            (helmet restricted)
rElec   .            K - +1 cloak
rCorr   .            o - +1 pair of gloves
SInv    .            N - +0 pair of boots
Will    +....        (no amulet) Stlth
                     l - ring of flight
HPRegen 0.42/turn    r - +6 ring of strength
MPRegen 0.13/turn

%: no passive effects
@: on berserk cooldown, flying, slowed, very slow
A: horns 2, retaliatory headbutt, strong 1
a: Renounce Religion, Berserk, Trog's Hand, Brothers in Arms


You were on level 15 of the Dungeon.
You worshipped Trog.
Trog was extremely pleased with you.
You visited 1 branch of the dungeon, and saw 15 of its levels.

You collected 1017 gold pieces.
You spent 95 gold pieces at shops.

Inventory:

Hand Weapons
 a - a +4 vampiric executioner's axe (weapon)
 B - a +2 heavy broad axe
 L - a +0 flail
Armour
 o - a +1 pair of gloves (worn)
 s - a +0 plate armour
 G - a +0 kite shield
 H - the +0 chain mail of Tomorrow (worn) {Fly rPois Str+3}
   (You found it on level 8 of the Dungeon)

   Str:       It affects your strength (+3).
   rPois:     It protects you from poison.
   Fly:       It grants you flight.
 K - a +1 cloak (worn)
 N - a +0 pair of boots (worn)
 Q - a +2 tower shield
Jewellery
 l - a ring of flight (left hand)
 r - a +6 ring of strength (right hand)
 x - a ring of protection from cold
Wands
 g - a wand of polymorph (3)
 p - a wand of flame (23)
 v - a wand of digging (7)
 A - a wand of charming (14)
 E - a wand of acid (17)
 F - a wand of roots (3)
 J - a wand of mindburst (5)
Scrolls
 i - 4 scrolls of enchant weapon
 j - 4 scrolls of fog
 m - a scroll of silence
 t - 5 scrolls of teleportation
 y - 4 scrolls of enchant armour
 C - 2 scrolls of immolation
 D - a scroll of fear
 M - a scroll of magic mapping
Potions
 b - 5 potions of lignification
 c - 3 potions of ambrosia
 d - 2 potions of might
 e - a potion of mutation
 f - 3 potions of magic
 h - a potion of haste
 k - 2 potions of berserk rage
 n - 2 potions of resistance
 q - 3 potions of curing
 u - 6 potions of attraction
 w - 9 potions of heal wounds
 z - 2 potions of flight
 O - 2 potions of invisibility
 P - a potion of degeneration {unknown}
Miscellaneous
 I - a phantom mirror


   Skills:
 + Level 15.8 Fighting
 - Level 20.0 Axes
 + Level 14.4 Armour
 - Level 2.1 Dodging
 - Level 10.0 Evocations


You had 13 spell levels left.
You didn't know any spells.
Your spell library was empty.

Dungeon Overview and Level Annotations

Branches:
Dungeon (15/15) Zot: 26706  Temple (0/1) D:4            Lair (0/5) D:10
    Orc (0/2) D:11         Vaults (0/5) D:13         Depths (0/4) D:15

Altars:
Dithmenos
Kikubaaqudgha
Makhleb
Nemelex Xobeh
Ru
Trog
Uskayaw
Vehumet
Xom
Zin
The Shining One

Shops:
D:11 :   D:12 *   D:13 (

Annotations:
D:5 2 transporters


Innate Abilities, Weirdness & Mutations

You have a pair of horns on your head.
You reflexively headbutt those who attack you in melee.
Your muscles are strong. (Str +4, Int/Dex -1)


Message History

You hear a horrible gurgling sound!
The withered plant crumbles away.
You feel a strong urge to attack something.
You are no longer berserk.
You are exhausted.
You feel yourself slow down.
You hit the hell knight zombie.
The hell knight zombie is lightly damaged.
The hell knight zombie hits you!
You slice the hell knight zombie!!
The hell knight zombie is moderately damaged.
The hell knight zombie closely misses you.
You open the hell knight zombie like a pillowcase!!!
You destroy the hell knight zombie!
Trog accepts your kill.
You hear a shout!
The spark wasp zombie hits you!
* * * LOW HITPOINT WARNING * * *
The necromancer points at you and mumbles some strange words.
The bolt of negative energy hits you but does no damage.
You barely miss the spark wasp zombie. You headbutt the spark wasp zombie.
The spark wasp zombie is lightly damaged.
The spark wasp zombie misses you. You furiously retaliate!
You headbutt the spark wasp zombie.
The necromancer gestures at you while chanting.
The bolt of negative energy hits you but does no damage.
The spark wasp zombie hits you but does no damage.
The necromancer gestures wildly while chanting.
The necromancer binds the souls of nearby monsters.
You slice the spark wasp zombie like a ripe choko!!!
The spark wasp zombie is severely damaged.
You hear a horrible gurgling sound!
The spark wasp zombie hits you!
* * * LOW HITPOINT WARNING * * *
The spark wasp zombie hits you.
* * * LOW HITPOINT WARNING * * *
You slash the necromancer! Your headbutt misses the necromancer.
The necromancer is moderately wounded.
You slice the spark wasp zombie!! The spark wasp zombie hits you!
You die...

.......>..P.P..
#.......P......
#.......8......
#8P..p......... .
.........P..... ..
#.8...8....... ...
#..8....P.... #...
#####Z.....#. ...
#...@p..#### #. .
#.......# # ....
###.......#
#####....##.'†......#
.........#..#.......#
...###.# #.##.......#
.....#.###.##########
##...#.##.)#
##..#.##.##


You could see a necromancer and a spark wasp zombie.

Vanquished Creatures
  Snorg (D:12)
  Josephine (D:10)
  4 vault guards (D:13)
  Erolcha (D:10)
  A spriggan skeleton (D:15)
  A catoblepas (D:13)
  An ogre mage (D:15)
  2 hydras (D:14)
  7 centaur warriors
  3 boulder beetles
  A tengu warrior (D:13)
  7 two-headed ogres
  A fire crab (shapeshifter) (D:15)
  A sun demon (D:9)
  5 skeletal warriors (D:13)
  A soul eater (D:9)
  Amaemon (D:8)
  A flayed ghost (D:15)
  Pikel (D:5)
  A deep elf pyromancer (D:14)
  A tengu skeleton (D:15)
  2 manticores
  8 ugly things
  A cyclops (D:11)
  Maggie (D:6)
  A komodo dragon (D:10)
  An orange demon (D:8)
  A yaktaur (D:12)
  5 kobold demonologists
  2 guardian mummies (D:15)
  3 tengu conjurers
  2 ice devils (D:9)
  6 meliai
  Prince Ribbit (D:7)
  6 trolls
  2 hornets (D:9)
  A vampire (D:9)
  A ynoxinul (D:9)
  4 slime creatures (D:12)
  18 yaks
  A shadow (D:12)
  2 wyverns
  A hog (shapeshifter) (D:14)
  A human (shapeshifter) (D:8)
  6 wraiths
  8 humans (D:13)
  A neqoxec (D:9)
  12 vampire mosquitoes
  A human zombie (D:15)
  A sky beast (D:7)
  2 water moccasins
  7 orc warriors
  2 ice beasts (D:7)
  3 black bears
  3 ogres (D:15)
  9 centaurs
  A lemure (D:5)
  3 kobold brigands
  A phantom (D:4)
  2 gnoll sergeants
  3 scorpions
  6 bullfrogs
  10 wights
  27 killer bees
  A howler monkey (D:9)
  4 quasits (D:9)
  2 hounds (D:5)
  8 orc priests
  2 sleepcaps (D:5)
  5 jellies
  4 iguanas
  Ijyb (D:3)
  9 orc wizards
  2 hound zombies (D:3)
  2 hound skeletons (D:3)
  13 gnolls
  7 adders
  A shadow imp (D:6)
  2 white imps
  An ufetubus (D:4)
  2 adder zombies (D:3)
  2 worms (D:3)
  2 dart slugs (D:4)
  23 orcs
  5 endoplasms
  5 giant cockroaches
  6 hobgoblins
  4 quokkas
  8 ball pythons
  7 bats
  A frilled lizard (D:2)
  5 goblins
  A jackal skeleton (D:3)
  14 kobolds
  4 rats
  A spectral goblin (D:2)
376 creatures vanquished.

Vanquished Creatures (others)
  7 fungi (D:10)
  10 plants
  2 withered plants
19 creatures vanquished.

Grand Total: 395 creatures vanquished

Notes
Turn   | Place    | Note
-------+----------+-------------------------------------------
     0 | D:1      | Dirian the Minotaur Berserker began the quest for the Orb.
     0 | D:1      | Reached XP level 1. HP: 19/19 MP: 0/0
   198 | D:1      | Reached skill level 4 in Axes
   198 | D:1      | Reached XP level 2. HP: 27/27 MP: 1/1
   478 | D:1      | Reached ** piety under Trog
   793 | D:2      | Reached XP level 3. HP: 28/33 MP: 2/2
   956 | D:2      | Reached XP level 4. HP: 11/41 MP: 3/3
  1341 | D:2      | Found a faded altar of an unknown god.
  1700 | D:3      | Reached skill level 5 in Axes
  1819 | D:3      | Reached XP level 5. HP: 47/47 MP: 4/4
  2201 | D:3      | Noticed Ijyb
  2211 | D:3      | Killed Ijyb
  2212 | D:3      | Reached skill level 5 in Armour
  2447 | D:4      | Reached skill level 5 in Fighting
  2447 | D:4      | Reached XP level 6. HP: 56/56 MP: 5/5
  2587 | D:4      | Found a staircase to the Ecumenical Temple.
  2588 | D:4      | Reached *** piety under Trog
  2703 | D:4      | Reached skill level 6 in Axes
  2957 | D:4      | Reached XP level 7. HP: 30/61 MP: 6/6
  3487 | D:5      | Entered Level 5 of the Dungeon
  3552 | D:5      | Identified the +3 barding of the Moneychanger {rPois rCorr
                  | Int-4 Dex+4}
  3659 | D:5      | Reached skill level 7 in Axes
  3721 | D:5      | Noticed Pikel
  3739 | D:5      | Reached skill level 1 in Evocations
  3745 | D:5      | Killed Pikel
  3746 | D:5      | Reached skill level 8 in Axes
  3746 | D:5      | Reached XP level 8. HP: 51/71 MP: 7/7
  3922 | D:5      | Noticed a hornet
  3926 | D:5      | Noticed a gargoyle
  3928 | D:5      | Found a sacrificial altar of Ru.
  3929 | D:5      | Found a transporter.
  3930 | D:5      | Found a burning altar of Makhleb.
  3941 | D:5      | Found a transporter.
  4593 | D:6      | Noticed Maggie
  4603 | D:6      | Killed Maggie
  4604 | D:6      | Reached skill level 9 in Axes
  4622 | D:6      | Found a hide-covered altar of Uskayaw.
  4820 | D:6      | Identified the +6 rapier "Johir" {holy, Dex+4}
  5004 | D:7      | Reached skill level 10 in Axes
  5004 | D:7      | Reached XP level 9. HP: 68/79 MP: 8/8
  5103 | D:7      | Reached **** piety under Trog
  5104 | D:7      | Reached skill level 11 in Axes
  5327 | D:7      | Found a shimmering altar of Xom.
  5346 | D:7      | Found a radiant altar of Vehumet.
  5443 | D:7      | Found an ancient bone altar of Kikubaaqudgha.
  5545 | D:7      | Found a bloodstained altar of Trog.
  5755 | D:7      | Reached XP level 10. HP: 89/89 MP: 9/9
  5884 | D:7      | Found a sparkling altar of Nemelex Xobeh.
  5951 | D:7      | Noticed Prince Ribbit
  5969 | D:7      | Killed Prince Ribbit
  6312 | D:8      | Noticed Amaemon
  6317 | D:8      | Noticed an orange demon
  6326 | D:8      | Killed Amaemon
  6327 | D:8      | Reached skill level 12 in Axes
  6327 | D:8      | Reached skill level 5 in Evocations
  6335 | D:8      | Killed an orange demon
  7114 | D:8      | Reached skill level 13 in Axes
  7173 | D:8      | Identified the +0 chain mail of Tomorrow {Fly rPois Str+3}
  7445 | D:8      | Identified a scroll of acquirement
  7445 | D:8      | Acquired a manual of Axes
  7584 | D:9      | Noticed a soul eater
  7600 | D:9      | Killed a soul eater
  7607 | D:9      | Acquired a +4 vampiric executioner's axe
  7774 | D:9      | Reached skill level 10 in Armour
  8133 | D:9      | Reached skill level 14 in Axes
  8149 | D:9      | Reached XP level 11. HP: 95/97 MP: 10/10
  8362 | D:9      | Identified the +3 ring mail of the Big Bang {rN+ Int+2
                  | Stlth+}
  8369 | D:9      | Noticed a sun demon
  8371 | D:9      | Gained mutation: You sometimes lose your temper in combat.
                  | [a neqoxec]
  8374 | D:9      | Killed a sun demon
  8375 | D:9      | Reached skill level 15 in Axes
  9078 | D:10     | Entered Level 10 of the Dungeon
  9083 | D:10     | Reached skill level 10 in Fighting
  9087 | D:10     | Noticed Erolcha
  9096 | D:10     | Killed Erolcha
  9097 | D:10     | Reached skill level 16 in Axes
  9117 | D:10     | Reached ***** piety under Trog
  9199 | D:10     | Found a staircase to the Lair.
  9350 | D:10     | Noticed a two-headed ogre
  9356 | D:10     | Killed a two-headed ogre
  9521 | D:10     | Found a shadowy altar of Dithmenos.
  9680 | D:10     | Found a glowing silver altar of Zin.
  9681 | D:10     | Noticed a cyan ugly thing
  9694 | D:10     | Killed a cyan ugly thing
  9997 | D:10     | Noticed a two-headed ogre
  9997 | D:10     | Noticed a two-headed ogre
 10003 | D:10     | Reached skill level 17 in Axes
 10004 | D:10     | Killed a two-headed ogre
 10007 | D:10     | Killed a two-headed ogre
 10042 | D:10     | Noticed a two-headed ogre
 10047 | D:10     | Killed a two-headed ogre
 10107 | D:10     | Reached XP level 12. HP: 106/108 MP: 11/11
 10153 | D:10     | Noticed Josephine
 10155 | D:10     | Reached skill level 18 in Axes
 10167 | D:10     | Killed Josephine
 10580 | D:10     | Lost mutation: You sometimes lose your temper in combat.
                  | [potion of mutation]
 10580 | D:10     | Gained mutation: Your muscles are strong. (Str +4, Int/Dex
                  | -1) [potion of mutation]
 10685 | D:11     | Found Cexutt's Book Boutique.
 10688 | D:11     | Noticed a centaur warrior
 10695 | D:11     | Killed a centaur warrior
 10923 | D:11     | Noticed a boulder beetle
 10933 | D:11     | Killed a boulder beetle
 11224 | D:11     | Reached skill level 19 in Axes
 11257 | D:11     | Found a staircase to the Orcish Mines.
 11446 | D:12     | Found Pebus's General Store.
 11454 | D:12     | Bought a scroll of silence for 95 gold pieces
 11687 | D:12     | Noticed a centaur warrior
 11696 | D:12     | Killed a centaur warrior
 11893 | D:12     | Reached skill level 20 in Axes
 12421 | D:12     | Noticed Snorg
 12432 | D:12     | Killed Snorg
 12650 | D:13     | Reached XP level 13. HP: 119/119 MP: 12/12
 12698 | D:13     | Received a gift from Trog
 12789 | D:13     | Found Guost's Antique Weapon Boutique.
 13272 | D:13     | Found a glowing golden altar of the Shining One.
 13559 | D:13     | Found a gate to the Vaults.
 14173 | D:14     | Reached skill level 10 in Evocations
 14289 | D:14     | Reached skill level 15 in Fighting
 14790 | D:15     | Entered Level 15 of the Dungeon
 14875 | D:15     | Reached XP level 14. HP: 135/135 MP: 13/13
 14877 | D:15     | Paralysed by an ogre mage for 5 turns
 15063 | D:15     | Found a staircase to the Depths.
 15087 | D:15     | Slain by a spark wasp zombie

Illustrated notes

Levels and vault maps discovered:
D:1:      dpeg_arrival_lava_altar, layout_basic, minmay_heptomino_w4
D:2:      layout_basic, dreamdust_ecumenical_altar_drowned_temple
D:3:      layout_loops_cross, serial_undead, serial_undead_f, serial_undead_a,
          serial_undead_f, serial_undead_f, minmay_misc_feat_plants, uniq_ijyb
D:4:      layout_gridville, minmay_temple_entry_waves, glass_columns_a
D:5:      layout_basic, gammafunk_temple_overflow_arena, uniq_pikel
D:6:      layout_rooms, nicolae_uskayaw_dance_hall, uniq_maggie
D:7:      layout_loops_cross, nicolae_overflow_quartered_altars,
          amcnicky_altar_gilded, uniq_prince_ribbit1
D:8:      layout_loops_ring, uniq_amaemon
D:9:      cheibrodos_helix_gallery, layout_layer_cave, serial_demonic,
          serial_demonic_d, serial_demonic_e, serial_demonic_d, serial_demonic_c
D:10:     minmay_razor_zed, layout_basic, lemuel_tele_altar,
          mainiacjoe_overflow_cross_hatched, grunt_lair_entry_orc_guard_hut,
          uniq_erolcha, uniq_josephine
D:11:     layout_roguey, orc_0_dummy, serial_shops, nicolae_shop_tiny_waterfront
D:12:     layout_irregular_city, serial_shops, shop_statue, centaur_isle,
          uniq_snorg
D:13:     layout_roguey, ximxim_vaults_locker_room, serial_shops,
          nicolae_shop_overgrown_old_shop, hangedman_decor_lopped,
          minmay_misc_feat_tiny, tso_altar
D:14:     layout_irregular_city
D:15:     gammafunk_depths_entry_grave, layout_basic

Skill      XL: |  1  2  3  4  5  6  7  8  9 10 11 12 13 14 |
---------------+-------------------------------------------+-----
Axes           | 4 5 6 8 10 11 14 17 20 | 20.0
Fighting       | 4 5 6 7 8 9 10 12 15 | 15.8
Armour         | 3 4 5 6 7 8 10 11 12 13 14 | 14.4
Evocations     | 2 3 4 6 7 8 10 | 10.0
Dodging        | |  2.1

Action                     |  1- 3 |  4- 6 |  7- 9 | 10-12 | 13-15 || total
---------------------------+-------+-------+-------+-------+-------++-------
  Melee: Hand axe          |    63 |    77 |       |       |       ||   140
         Headbutt          |     6 |    25 |    27 |    66 |    43 ||   167
         War axe           |       |    85 |   175 |   100 |       ||   360
         Punch             |       |     1 |     1 |     3 |       ||     5
         Executioner's axe |       |       |       |   276 |   155 ||   431
         Battleaxe         |       |       |       |    13 |       ||    13
         Flail             |       |       |       |       |     8 ||     8
 Invoke: Berserk           |     1 |       |     3 |     7 |     4 ||    15
         Trog's Hand       |       |       |     1 |     2 |     1 ||     4
    Use: Scroll            |       |       |    18 |     9 |     1 ||    28
         Potion            |       |       |       |     1 |       ||     1
   Stab: Distracted        |       |       |       |       |     1 ||     1
 Armour: Animal skin       |     4 |       |       |       |       ||     4
         Ring mail         |     8 |    45 |       |       |       ||    53
         Scale mail        |       |    25 |     9 |       |       ||    34
         Chain mail        |       |       |    95 |   256 |   140 ||   491
  Dodge: Dodged            |    44 |    89 |    87 |   241 |   115 ||   576
